 Dungeon Crawl Stone Soup version 0.30-a0-4-ga7cffc901d (webtiles) character file.

Game seed: 2574222868101293638

375 siradein the Ducker (level 6, 0/46 HPs)
             Began as a Vampire Artificer on Aug 20, 2022.
             Slain by a scorpion (2 damage)
             ... on level 4 of the Dungeon.
             The game lasted 00:07:49 (3306 turns).

siradein the Ducker (Vampire Artificer)             Turns: 3306, Time: 00:07:50

Health: 0/46       AC:  6    Str: 11    XL:     6   Next: 44%
Magic:  6/6        EV: 11    Int: 16    God:
Gold:   141        SH:  0    Dex: 14    Spells: 2/5 levels left

rFire   . . .      SeeInvis +    o - +0 rapier
rCold   . . .      Faith    .    (no shield)
rNeg    . . .      Spirit   .    i - +1 ring mail
rPois   .          Reflect  .    (no helmet)
rElec   .          Harm     .    (no cloak)
rCorr   .          Rampage  .    (no gloves)
Will    .....                    (no boots)
Stlth   +.........               (no amulet)
HPRegen 0.35/turn                (no ring)
MPRegen 0.10/turn                (no ring)

@: lethally poisoned (0 -> -4), healing quickly
A: alive, fangs 3, see invisible, vampiric 2
a: Exsanguinate


You were on level 4 of the Dungeon.
You visited 1 branch of the dungeon, and saw 4 of its levels.

You collected 141 gold pieces.

Inventory:

Hand Weapons
 l - a +1 dagger of freezing
 o - a +0 rapier (weapon)
Missiles
 n - 2 poisoned darts (quivered)
 v - 3 curare-tipped darts
Armour
 i - a +1 ring mail (worn)
Magical Staves
 m - a staff of death
Wands
 c - a wand of flame (13)
 d - a wand of charming (15)
 e - a wand of iceblast (5)
Scrolls
 a - a scroll of immolation
 b - 2 scrolls of amnesia
 f - a scroll of silence {unknown}
 h - 2 scrolls of enchant armour
 j - a scroll of enchant weapon {unknown}
 s - 2 scrolls of summoning
 t - a scroll of teleportation
 x - a scroll of torment {unknown}
Potions
 g - a potion of degeneration {unknown}
 k - 2 potions of curing
 p - a potion of invisibility {unknown}
 q - 2 potions of flight
 r - a potion of heal wounds
 u - a potion of cancellation {unknown}
 w - a potion of berserk rage {unknown}


   Skills:
 + Level 2.7 Fighting
 + Level 2.6 Short Blades
 + Level 2.2 Armour
 + Level 3.8 Dodging
 - Level 1.5 Stealth
 + Level 1.6 Necromancy
 + Level 3.7 Evocations


You had 2 spell levels left.
You knew the following spells:

 Your Spells              Type           Power      Damage    Failure   Level
a - Vampiric Draining     Necr           5%         2d6       67%         3

Your spell library contained the following spells:

 Spells                   Type           Power      Damage    Failure   Level
 Necrotise                Necr           20%        1d5       30%         1
 Poisonous Vapours        Pois/Air       0%         N/A       65%         2
 Corpse Rot               Necr/Pois/Air  1%         N/A       99%         4
 Agony                    Necr           5%         N/A       100%        5


Dungeon Overview and Level Annotations

Branches:
Dungeon (4/15)             Temple (0/1) D:4

Altars:

Shops:
D:3 *   D:4 :


Innate Abilities, Weirdness & Mutations

Your natural rate of healing is accelerated.
You have razor-sharp teeth.
You have supernaturally acute eyesight. (SInv)
You are afflicted with vampirism and can become a bat while bloodless.


Message History

You hit the scorpion.
The scorpion is severely wounded.
You feel sick.
The scorpion stings you but does no damage.
The scorpion stings you.
* * * LOW HITPOINT WARNING * * *
You are lethally poisoned!
The scorpion poisons you!
You hit the scorpion but do no damage. Your bite misses the scorpion.
The scorpion is severely wounded.
* * * LOW HITPOINT WARNING * * *
You feel very sick. The scorpion stings you.
* * * LOW HITPOINT WARNING * * *
Unknown command.
Unknown command.
You feel better. The scorpion stings you.
* * * LOW HITPOINT WARNING * * *
You barely miss the scorpion. You bite the scorpion.
The scorpion is almost dead.
The scorpion closely misses you. The scorpion misses you.
You hit the scorpion but do no damage.
The scorpion is almost dead.
The scorpion barely misses you.
You closely miss the scorpion.
The scorpion is almost dead.
The scorpion stings you.
* * * LOW HITPOINT WARNING * * *
You are lethally poisoned!
The scorpion poisons you!
You hit the scorpion but do no damage.
The scorpion is almost dead.
* * * LOW HITPOINT WARNING * * *
You feel very sick.
The scorpion stings you but does no damage.
You hit the scorpion but do no damage.
The scorpion is almost dead.
* * * LOW HITPOINT WARNING * * *
You feel sick. The scorpion misses you. The scorpion stings you.
You die...

### ..# #
#.# #.#
#.# .. ..
#s# .#
#.##.##@##
.#
.........#
.# ##
#.#####.##
.# .. #.#
.# .# #.#
.# .# #.#
.#####.#
#.#
...)†..#
#.#
)#######
#.#


You could see a scorpion.

Vanquished Creatures
  Sigmund (D:4)
  Blork the orc (D:4)
  A hound (D:4)
  Jessica (D:2)
  4 adders
  2 dart slugs
  2 orcs (D:4)
  8 ball pythons
  5 endoplasms
  6 giant cockroaches
  3 goblins
  6 hobgoblins
  4 jackals (D:2)
  A quokka (D:2)
  9 bats
  5 frilled lizards
  5 kobolds
  10 rats
74 creatures vanquished.

Notes
Turn   | Place    | Note
-------+----------+-------------------------------------------
     0 | D:1      | siradein the Vampire Artificer began the quest for the Orb.
     0 | D:1      | Reached XP level 1. HP: 14/14 MP: 1/1
    62 | D:1      | Reached skill level 1 in Fighting
   114 | D:1      | Reached skill level 1 in Armour
   282 | D:1      | Reached XP level 2. HP: 21/21 MP: 2/2
   711 | D:1      | Gained mutation: You are afflicted with vampirism and can
                  | become a bat while bloodless. [Vampire growth]
   711 | D:1      | Reached XP level 3. HP: 26/26 MP: 3/3
   794 | D:1      | Found a faded altar of an unknown god.
  1163 | D:2      | Reached skill level 1 in Short Blades
  1336 | D:2      | Noticed Jessica
  1343 | D:2      | Killed Jessica
  1344 | D:2      | Reached XP level 4. HP: 28/33 MP: 4/4
  2069 | D:3      | Found Enemouv's Assorted Antiques.
  2346 | D:3      | Learned a level 3 spell: Vampiric Draining
  2766 | D:4      | Noticed Blork the orc
  2799 | D:4      | Killed Blork the orc
  2800 | D:4      | Reached XP level 5. HP: 6/38 MP: 5/5
  2936 | D:4      | Noticed Sigmund
  2951 | D:4      | Killed Sigmund
  2952 | D:4      | Reached skill level 1 in Necromancy
  2952 | D:4      | Reached XP level 6. HP: 24/46 MP: 6/6
  3043 | D:4      | Found Siemouxy's Book Emporium.
  3062 | D:4      | Found a staircase to the Ecumenical Temple.
  3306 | D:4      | HP: 2/46 [poisoned by a scorpion]
  3306 | D:4      | Slain by a scorpion

Illustrated notes

Levels and vault maps discovered:
D:1:      dpeg_arrival_court, layout_loops_cross,
          shapermc_ecumenical_altar_mp_urbaneastern
D:2:      layout_loops_corners, minmay_tetromino_l4, uniq_jessica
D:3:      layout_loops_ring, mainiacjoe_overflow_alcove_4, serial_shops, shop
D:4:      cheibrodos_helix_gallery, layout_basic, minmay_temple_entry_tees,
          serial_shops, nicolae_stop_n_shop_1, minmay_fountain_box,
          uniq_blork_the_orc, uniq_sigmund

Skill      XL: |  1  2  3  4  5 |
---------------+----------------+-----
Fighting       | 1 2 |  2.7
Armour         | 1 2 |  2.2
Evocations     | 3 |  3.7
Short Blades   | 1 2 |  2.6
Dodging        | 3 |  3.8
Necromancy     | 1 |  1.6
Stealth        | |  1.5

Action                   |  1- 3 |  4- 6 || total
-------------------------+-------+-------++-------
Melee: Dagger            |   114 |       ||   114
       Club              |     7 |       ||     7
       Bite              |     6 |    11 ||    17
       Rapier            |    16 |   143 ||   159
Throw: Dart              |       |     9 ||     9
Evoke: Wand              |       |     2 ||     2
  Use: Scroll            |       |     8 ||     8
       Potion            |       |     1 ||     1
 Stab: Sleeping          |     2 |     2 ||     4
Armor: Ring mail         |    51 |    56 ||   107
       Leather armour    |     2 |       ||     2
Dodge: Dodged            |    68 |   109 ||   177

Table legend: (Time is in decaauts)
 A = Elapsed time spent in this place.
 B = Non-inter-level travel time spent in this place.
 C = Inter-level travel time spent in this place.
 D = Time resting spent in this place.
 E = Time spent auto-exploring this place.
 F = Levels seen in this place.
 G = Mean time per level.
                   A        B        C        D        E       F      G
               +--------+--------+--------+--------+--------+-----+--------+
         Total |   3323 |   3169 |    154 |      0 |   2465 |   4 |  830.8 |
       Dungeon |   3323 |   3169 |    154 |      0 |   2465 |   4 |  830.8 |
               +--------+--------+--------+--------+--------+-----+--------+

Top non-repeatable levels by time:
     D:2: 1064 daAuts
     D:1: 930 daAuts
     D:3: 816 daAuts
     D:4: 511 daAuts
